 Dungeon Crawl Stone Soup version 0.28-a0-206-gc2c9e32840 (webtiles) character file.

Game seed: 8575691468732727394

3773 Spaninq the Spear-Bearer (level 9, -9/82 HPs)
             Began as a Green Draconian Fighter on Aug 20, 2021.
             Mangled by an efreet (12 damage)
             ... on level 8 of the Dungeon.
             The game lasted 00:25:08 (8229 turns).

Spaninq the Spear-Bearer (Green Draconian Fighter)  Turns: 8229, Time: 00:25:08

Health: -9/82      AC:  9    Str: 21 (23) XL:     9   Next: 94%
Magic:  9/9        EV: 15    Int:  7 (10) God:
Gold:   345        SH:  0    Dex: 14 (16) Spells: 8/8 levels left

rFire   . . .      SeeInvis +   h - +2 trident (protect)
rCold   . . .      Faith    .   (no shield)
rNeg    . . .      Spirit   .   (armour unavailable)
rPois   +          Reflect  .   w - +2 hat
rElec   .          Harm     .   r - scarf {repulsion}
rCorr   .          Rampage  .   (no gloves)
Will    .....      Rnd*Rage +   (no boots)
Stlth   +.........              (no amulet)
HPRegen 0.23/turn               e - +6 ring of dexterity
MPRegen 0.11/turn               j - ring of see invisible

@: mighty, repel missiles
A: breathe noxious fumes, AC +7, unfitting armour, poison resistance,
cold-blooded, berserk 1, strong 1
a: Breathe Noxious Fumes


You were on level 8 of the Dungeon.
You visited 2 branches of the dungeon, and saw 9 of its levels.

You collected 345 gold pieces.

Inventory:

Hand Weapons
 h - a +2 trident of protection (weapon)
 k - a +4 hand axe
 s - a +0 hunting sling of freezing
Missiles
 n - a throwing net (quivered)
Armour
 b - a +0 kite shield
 r - a scarf of repulsion (worn)
 w - a +2 hat (worn)
Jewellery
 e - a +6 ring of dexterity (left hand)
 f - a +6 ring of intelligence
 j - a ring of see invisible (right hand)
 p - a ring of fire
 y - a ring of flight
Wands
 v - a wand of flame (15)
 D - a wand of iceblast (8)
Scrolls
 d - a scroll of teleportation {unknown}
 g - 2 scrolls of amnesia {unknown}
 i - 5 scrolls of identify {unknown}
 l - a scroll of enchant armour {unknown}
 o - a scroll of enchant weapon {unknown}
 t - 2 scrolls of blinking {unknown}
 u - a scroll of immolation {unknown}
 B - a scroll of magic mapping {unknown}
 E - a scroll of noise {unknown}
Potions
 a - a potion of lignification {unknown}
 m - a potion of mutation
 q - 2 potions of curing
 x - a potion of magic
 z - a potion of flight {unknown}
 A - a potion of degeneration
 C - a potion of heal wounds {unknown}


   Skills:
 + Level 8.5 Fighting
 * Level 10.3 Polearms
 + Level 7.1 Dodging
 - Level 3.0 Shields


You had 8 spell levels left.
You didn't know any spells.
Your spell library contained the following spells:

 Spells                   Type           Power      Damage    Failure   Level
 Tukima's Dance           Hex            0%         N/A       80%         3
 Airstrike                Air            0%         N/A       99%         4
 Passage of Golubria      Tloc           N/A        N/A       99%         4
 Summon Lightning Spire   Summ/Air       0%         N/A       99%         4
 Lightning Bolt           Conj/Air       0%         1d11      100%        5
 Yara's Violent Unravell  Hex/Tmut       0%         3d3       100%        5


Dungeon Overview and Level Annotations

Branches:
Dungeon (8/15)             Temple (1/1) D:6            Lair (0/6) D:8

Altars:
Ashenzari
Cheibriados
Dithmenos
Elyvilon
Fedhas
Hepliaklqana
Makhleb
Nemelex Xobeh
Qazlal
Sif Muna
Trog
Uskayaw
Vehumet
Wu Jian
Xom
Zin
The Shining One

Shops:
D:2 [   D:4 *


Innate Abilities, Weirdness & Mutations

You can breathe blasts of noxious fumes.
Your lurid green scales are hard. (AC +7)
You cannot fit into any form of body armour.
Your system is resistant to poisons. (rPois)
You are cold-blooded and may be slowed by cold attacks.
You tend to lose your temper in combat.
Your muscles are strong. (Str +2)


Message History

Okay, then.
Reach: h) +2 trident (protect)
Press: ? - help, Dir - move target, f/p - efreet
Aim: an efreet, wielding a +0 scimitar of flaming (about 17% to evade your +2 trident of protection)
You reach to attack!
You hit the efreet but do no damage. The efreet gestures at you.
The fireball explodes!
The fireball engulfs you!!
* * * LOW HITPOINT WARNING * * *
It was a potion of curing.
You feel better.
You hit the efreet but do no damage.
The efreet hits you with a +0 scimitar of flaming.
The efreet burns you.
You hit the efreet but do no damage.
You tail-slap the efreet, but do no damage.
The efreet barely misses you.
You barely miss the efreet. You tail-slap the efreet.
The efreet is lightly wounded.
You hit the efreet but do no damage.
The efreet is lightly wounded.
The efreet misses you.
You barely miss the efreet.
Your tail-slap misses the efreet.
The efreet is lightly wounded.
The efreet gestures at you. The bolt of fire hits you!!
* * * LOW HITPOINT WARNING * * *
It was a potion of magic.
Magic courses through your body. The efreet barely misses you.
You feel very mighty all of a sudden. The efreet closely misses you.
It was a potion of degeneration.
There was something very wrong with that liquid.
You feel weakened.
You feel dopey.
You feel clumsy. The efreet gestures at you.
The fireball explodes!
The fireball engulfs you!
* * * LOW HITPOINT WARNING * * *
The fireball engulfs the efreet.
The efreet completely resists.
It was a potion of mutation.
You feel extremely strange.
You feel a little pissed off.
You feel stronger.
The efreet hits you with a +0 scimitar of flaming!
You die...

#........#### ###........#
#...........# #...(....#
..............# ##.......######
......[.......# ####.#(..)....
#...........### #...#........
#.#........##########'###........
...........#...#...#.).#.........
#.#........#...R...'...##........
#.#.#..#####...#@).#...##........
##'#######+###........ #.W
##..##### #. #..# # #. #. # .


You could see an efreet.

Vanquished Creatures
  A gargoyle (D:8)
  Grinder (D:4)
  A hornet (D:6)
  Sigmund (D:2)
  Duvessa (D:6)
  A water moccasin (D:7)
  2 ice beasts
  An orc warrior (D:7)
  A sky beast (D:7)
  A black bear (D:7)
  2 centaurs (D:5)
  A necrophage (D:6)
  2 ogres
  A phantom (D:7)
  A kobold brigand (D:8)
  A bullfrog (D:8)
  2 gnoll sergeants (D:8)
  7 scorpions
  Dowan (D:6)
  3 wights (D:7)
  A howler monkey (D:8)
  A centaur zombie (D:6)
  2 hounds
  2 centaur skeletons
  3 orc priests
  A gnoll shaman (D:7)
  Terence (D:2)
  3 orc wizards
  4 iguanas
  3 hound skeletons
  Robin (D:1)
  13 gnolls
  11 adders
  3 shadow imps
  A white imp (D:6)
  2 ufetubi
  2 worms
  5 dart slugs
  19 orcs
  9 ball pythons
  9 bats
  7 endoplasms
  2 giant cockroaches
  11 goblins
  11 hobgoblins
  3 jackals
  11 kobolds
  3 quokkas
  3 frilled lizards
  10 rats
189 creatures vanquished.

Vanquished Creatures (others)
  3 fungi (D:8)
  5 plants
8 creatures vanquished.

Grand Total: 197 creatures vanquished

Notes
Turn   | Place    | Note
-------+----------+-------------------------------------------
     0 | D:1      | Spaninq the Draconian Fighter began the quest for the Orb.
     0 | D:1      | Reached XP level 1. HP: 19/19 MP: 1/1
   118 | D:1      | Reached XP level 2. HP: 23/26 MP: 2/2
   589 | D:1      | Reached XP level 3. HP: 31/31 MP: 3/3
   671 | D:1      | Reached skill level 3 in Polearms
   963 | D:2      | Found Xehad's Armour Boutique.
   979 | D:2      | Noticed Robin
  1305 | D:1      | Killed Robin
  1475 | D:2      | Noticed Sigmund
  1677 | D:2      | Reached XP level 4. HP: 38/40 MP: 4/4
  1784 | D:2      | Noticed Terence
  1806 | D:2      | Killed Terence
  2078 | D:3      | Reached XP level 5. HP: 46/46 MP: 5/5
  2155 | D:3      | Reached skill level 4 in Polearms
  3130 | D:4      | Noticed an ogre
  3293 | D:4      | Found a glowing silver altar of Zin.
  3542 | D:4      | Found Ulue's Assorted Antiques.
  3721 | D:4      | Reached XP level 6. HP: 53/53 MP: 6/6
  3933 | D:4      | Reached skill level 5 in Polearms
  4230 | D:4      | Noticed Grinder
  4242 | D:4      | Paralysed by Grinder for 4 turns
  4259 | D:4      | Killed Grinder
  4260 | D:4      | Reached skill level 5 in Fighting
  4260 | D:4      | Your scales start taking on a lurid green colour.
  4260 | D:4      | Reached XP level 7. HP: 49/61 MP: 7/7
  4260 | D:4      | Gained mutation: Your system is resistant to poisons.
                  | (rPois) [Green Draconian growth]
  4547 | D:4      | Reached skill level 6 in Polearms
  4609 | D:5      | Entered Level 5 of the Dungeon
  4845 | D:5      | Reached skill level 5 in Dodging
  4877 | D:5      | Reached skill level 7 in Polearms
  4877 | D:5      | Reached XP level 8. HP: 70/70 MP: 8/8
  5732 | D:2      | Killed Sigmund
  6137 | D:6      | Reached skill level 8 in Polearms
  6179 | D:6      | Identified the amulet "Ywoebos" {*Corrode rF++ Regen+}
  6190 | D:6      | Noticed a hornet
  6209 | D:6      | Killed a hornet
  6265 | D:6      | Reached XP level 9. HP: 79/79 MP: 9/9
  6296 | D:6      | Found a staircase to the Ecumenical Temple.
  6318 | Temple   | Entered the Ecumenical Temple
  6499 | D:6      | Noticed Duvessa
  6499 | D:6      | Noticed Dowan
  6514 | D:6      | Killed Duvessa
  6517 | D:6      | Killed Dowan
  6940 | D:7      | Reached skill level 9 in Polearms
  7511 | D:7      | Found a burning altar of Makhleb.
  7515 | D:7      | Found a glowing golden altar of the Shining One.
  7518 | D:7      | Found a shadowy altar of Dithmenos.
  7777 | D:8      | Found a staircase to the Lair.
  7814 | D:8      | Reached skill level 10 in Polearms
  8008 | D:8      | Noticed a gargoyle
  8032 | D:8      | Killed a gargoyle
  8212 | D:8      | Noticed an efreet
  8228 | D:8      | HP: 3/82 [efreet/fireball (7)]
  8229 | D:8      | Gained mutation: You tend to lose your temper in combat.
                  | [potion of mutation]
  8229 | D:8      | Gained mutation: Your muscles are strong. (Str +2) [potion
                  | of mutation]
  8229 | D:8      | Mangled by an efreet

Illustrated notes

Levels and vault maps discovered:
D:1:      dpeg_arrival_stone_temple_mockup, layout_loops_ring,
          grunt_decor_resistance, minmay_surrounded
D:2:      layout_basic, serial_shops, shop, uniq_sigmund, uniq_robin,
          uniq_terence
D:3:      wad_lake_hut, layout_basic, kennysheep_generic_room_12
D:4:      layout_gridville, mainiacjoe_overflow_cross_hatched, serial_shops,
          shop, uniq_grinder
D:5:      layout_loops_ring
D:6:      layout_loops_ring, minmay_temple_entry_ruins, uniq_duvessa
D:7:      layout_basic, grunt_temple_overflow_diamond
D:8:      layout_rooms, dpeg_oklobed_lair, minmay_evil_grid
Temple:   dshaligram_water_room_temple

Skill      XL: |  1  2  3  4  5  6  7  8  9 |
---------------+----------------------------+-----
Dodging        | 3 4 5 6 7 |  7.1
Polearms       | 3 4 5 7 8 10 | 10.3
Fighting       | 4 5 6 7 8 |  8.5
Shields        | |  3.0

Action                   |  1- 3 |  4- 6 |  7- 9 || total
-------------------------+-------+-------+-------++-------
Melee: Trident           |   112 |   176 |   325 ||   613
       Tailslap          |    16 |    21 |    53 ||    90
 Abil: Breathe Noxious F |       |       |    33 ||    33
  Use: Potion            |       |       |     5 ||     5
 Stab: Sleeping          |     2 |     3 |     1 ||     6
       Confused          |       |       |    23 ||    23
Armor: Skin              |    22 |    38 |    54 ||   114
Dodge: Dodged            |    55 |    74 |   124 ||   253
       Repelled          |       |       |     2 ||     2

Table legend: (Time is in decaauts)
 A = Elapsed time spent in this place.
 B = Non-inter-level travel time spent in this place.
 C = Inter-level travel time spent in this place.
 D = Time resting spent in this place.
 E = Time spent auto-exploring this place.
 F = Levels seen in this place.
 G = Mean time per level.
                   A        B        C        D        E       F      G
               +--------+--------+--------+--------+--------+-----+--------+
         Total |   8275 |   7683 |    592 |    937 |   5102 |   9 |  919.4 |
       Dungeon |   8142 |   7572 |    570 |    937 |   4993 |   8 | 1017.8 |
        Temple |    132 |    110 |     22 |      0 |    109 |   1 |  132.0 |
               +--------+--------+--------+--------+--------+-----+--------+

Top non-repeatable levels by time:
     D:4: 1478 daAuts
     D:3: 1321 daAuts
     D:1: 1258 daAuts
     D:5: 953 daAuts
     D:2: 898 daAuts
     D:6: 857 daAuts
     D:7: 841 daAuts
     D:8: 533 daAuts
  Temple: 132 daAuts
